 Dungeon Crawl Stone Soup version 0.29.1-2-gbd0b4ee654 (webtiles) character file.

Game seed: 17629951160753625164

112 LustLizard the Vexing (level 4, -13/20 (22) HPs)
             Began as a Spriggan Arcane Marksman on Oct 31, 2022.
             Mangled by Crazy Yiuf
             ... wielding a +2 quarterstaff of chaos
              (15 damage)
             ... on level 2 of the Dungeon.
             The game lasted 00:04:00 (2261 turns).

LustLizard the Vexing (Spriggan Arcane Marksman)    Turns: 2261, Time: 00:04:00

HP:   -13/20 (22)   AC:  2    Str:  6    XL:     4   Next: 63%
MP:   7/7           EV: 17    Int: 14    God:
Gold: 91            SH:  0    Dex: 17    Spells: 1/5 levels left

rFire   . . .      SeeInvis +   a - +1 sling
rCold   . . .      Faith    .   (no shield)
rNeg    . . .      Spirit   .   c - +0 robe
rPois   .          Reflect  .   (helmet restricted)
rElec   .          Harm     .   (no cloak)
rCorr   .          Rampage  .   (gloves unavailable)
Will    .....                   (boots unavailable)
Stlth   ++........              (no amulet)
HPRegen 0.06/turn               (no ring)
MPRegen 0.10/turn               (no ring)

@: drained, very quick
A: very small, no large weapons, unfitting armour, see invisible, speed 3
a: no special abilities


You were on level 2 of the Dungeon.
You visited 1 branch of the dungeon, and saw 2 of its levels.

You collected 91 gold pieces.

Inventory:

Hand Weapons
 a - a +1 sling (weapon)
Missiles
 j - a throwing net
Armour
 c - a +0 robe (worn)
Scrolls
 d - a scroll of enchant weapon {unknown}
 g - a scroll of fog {unknown}
 h - 4 scrolls of identify {unknown}
 i - a scroll of summoning {unknown}
 k - a scroll of enchant armour {unknown}
Potions
 e - 2 potions of curing
 f - 3 potions of degeneration {unknown}
 l - a potion of mutation {unknown}


   Skills:
 + Level 1.5 Fighting
 * Level 3.3 Ranged Weapons
 - Level 2.6 Dodging
 + Level 2.5 Stealth
 - Level 1.3 Spellcasting
 - Level 4.0 Hexes
 * Level 1.4 Fire Magic


You had one spell level left.
You knew the following spells:

 Your Spells              Type           Power      Damage    Failure   Level
a - Slow                  Hex            48%        N/A       4%          1
b - Inner Flame           Hex/Fire       8%         N/A       26%         3

Your spell library contained the following spells:

 Spells                   Type           Power      Damage    Failure   Level
 Ensorcelled Hibernation  Hex/Ice        12%        N/A       17%         2
 Portal Projectile        Hex/Tloc       12%        N/A       32%         3
 Cause Fear               Hex            6%         N/A       43%         4
 Spider Form              Tmut/Pois      0%         N/A       58%         3
 Anguish                  Hex/Necr       3%         N/A       73%         4


Dungeon Overview and Level Annotations

Branches:
Dungeon (2/15)

Altars:
Vehumet

Annotations:
D:2 Crazy Yiuf


Innate Abilities, Weirdness & Mutations

You are very small and have problems with some larger weapons.
You are too small for most types of armour.
You have supernaturally acute eyesight. (SInv)
You cover ground extremely quickly. (Speed+++)


Message History

Crazy Yiuf whimpers, "Lay senile illywillydillykilly!"
Fire: a) +1 sling
Press: ? - help, Q - select action, (/) - cycle Shift-Dir - straight line, f/p - Crazy Yiuf
Aim: Crazy Yiuf, wielding a +2 quarterstaff of chaos and wearing a +0 cloak (heavily wounded, slow, 63% to hit)
You shoot a sling bullet.
The sling bullet barely misses Crazy Yiuf.
Fire: a) +1 sling
Press: ? - help, Q - select action, (/) - cycle Shift-Dir - straight line, f/p - Crazy Yiuf
Aim: Crazy Yiuf, wielding a +2 quarterstaff of chaos and wearing a +0 cloak (heavily wounded, slow, 63% to hit)
You shoot a sling bullet.
The sling bullet barely misses Crazy Yiuf.
Fire: a) +1 sling
Press: ? - help, Q - select action, (/) - cycle Shift-Dir - straight line, f/p - Crazy Yiuf
Aim: Crazy Yiuf, wielding a +2 quarterstaff of chaos and wearing a +0 cloak (heavily wounded, slow, 63% to hit)
You shoot a sling bullet.
The sling bullet closely misses Crazy Yiuf.
Crazy Yiuf is no longer moving slowly.
Fire: a) +1 sling
Press: ? - help, Q - select action, (/) - cycle Shift-Dir - straight line, f/p - Crazy Yiuf
Aim: Crazy Yiuf, wielding a +2 quarterstaff of chaos and wearing a +0 cloak (heavily wounded, 63% to hit)
You shoot a sling bullet. The sling bullet hits Crazy Yiuf.
Crazy Yiuf is severely wounded.
Crazy Yiuf barely misses you. x2
Fire: a) +1 sling
Press: ? - help, Q - select action, (/) - cycle Shift-Dir - straight line, f/p - Crazy Yiuf
Aim: Crazy Yiuf, wielding a +2 quarterstaff of chaos and wearing a +0 cloak (severely wounded, 63% to hit)
You shoot a sling bullet.
The sling bullet barely misses Crazy Yiuf.
Crazy Yiuf hits you with a +2 quarterstaff of chaos!
Ouch! That really hurt!
You feel drained.
* * * LOW HITPOINT WARNING * * *
Fire: a) +1 sling
Press: ? - help, Q - select action, (/) - cycle Shift-Dir - straight line, f/p - Crazy Yiuf
Aim: Crazy Yiuf, wielding a +2 quarterstaff of chaos and wearing a +0 cloak (severely wounded, 63% to hit)
You shoot a sling bullet.
The sling bullet closely misses Crazy Yiuf.
Crazy Yiuf hits you with a +2 quarterstaff of chaos!
Ouch! That really hurt!
You die...

......# ### ♣♣♣)♣).#.###.#
......# #)))#♣))♣)P....##.#
......# #.))'g♣♣♣♣P.....#.#
.....## #)))#♣♣ ♣♣P#.g...#
.....# ### ♣♣#####.# .....#
#.# .....# #.# .....# ###
#.# .....# #@# #.# .._..#
#g# #.# .....#########
#.########.# ..............
#...g...)..#
#####.#####################
.#..#.#..<....#
.#..#.#.#.###.#
.#..#.#.#...#.#
.#..#.#.###.#.#


You could see Crazy Yiuf.

Vanquished Creatures
  Terence (D:2)
  Robin (D:2)
  2 adders (D:2)
  2 dart slugs (D:1)
  3 bats (D:2)
  An endoplasm (D:1)
  2 giant cockroaches (D:1)
  15 goblins
  5 hobgoblins
  2 quokkas (D:1)
  5 ball pythons
  A frilled lizard (D:2)
  6 kobolds
  7 rats
53 creatures vanquished.

Notes
Turn   | Place    | Note
-------+----------+-------------------------------------------
     0 | D:1      | LustLizard the Spriggan Arcane Marksman began the quest for
                  | the Orb.
     0 | D:1      | Reached XP level 1. HP: 9/9 MP: 3/3
   228 | D:1      | Found a faded altar of an unknown god.
   301 | D:1      | Reached XP level 2. HP: 14/14 MP: 5/5
   383 | D:1      | Reached skill level 1 in Fighting
   383 | D:1      | Reached skill level 1 in Stealth
   383 | D:1      | Reached skill level 4 in Hexes
   806 | D:1      | Reached XP level 3. HP: 15/18 MP: 6/6
   864 | D:1      | Learned a level 3 spell: Inner Flame
  1019 | D:2      | Noticed Terence
  1055 | D:2      | Killed Terence
  1145 | D:2      | Found a radiant altar of Vehumet.
  1265 | D:2      | Reached XP level 4. HP: 22/22 MP: 7/7
  1355 | D:2      | Reached skill level 1 in Fire Magic
  1495 | D:2      | Noticed Robin
  1528 | D:2      | Killed Robin
  2188 | D:2      | Found a runed translucent door.
  2189 | D:2      | Noticed Crazy Yiuf
  2261 | D:2      | Mangled by Crazy Yiuf

Illustrated notes

Levels and vault maps discovered:
D:1:      reono_arrival_forest_river, layout_basic,
          dreamdust_ecumenical_altar_angels_and_demons
D:2:      layout_basic, basic_altar, feat_on_display, uniq_terence,
          uniq_crazy_yiuf_cottage, uniq_robin

Skill      XL: |  1  2  3  4 |
---------------+-------------+-----
Fighting       | 1 |  1.5
Stealth        | 1 2 |  2.5
Hexes          | 4 |  4.0
Ranged Weapons | 3 |  3.3
Fire Magic     | 1 |  1.4
Dodging        | |  2.6
Spellcasting   | |  1.3

Action                   |  1- 3 |  4- 6 || total
-------------------------+-------+-------++-------
 Fire: Sling             |    99 |   102 ||   201
 Cast: Slow              |       |     6 ||     6
  Use: Scroll            |       |     1 ||     1
Armor: Robe              |       |     4 ||     4
Dodge: Dodged            |    26 |    27 ||    53
